 Dungeon Crawl Stone Soup version 0.18.1-51-gd549091e01 (webtiles) character file.

211673 tuurum the Warrior (level 18, -1/177 HPs)
             Began as a Minotaur Berserker on May 3, 2022.
             Was a High Priest of Trog.
             Shot with a bolt by a naga sharpshooter (6 damage)
             ... on level 1 of the Snake Pit.
             The game lasted 01:33:10 (33605 turns).

tuurum the Warrior (Minotaur Berserker)            Turns: 33605, Time: 01:33:11

Health: -1/177     AC: 33    Str: 26    XL:     18   Next: 22%
Magic:  17/17      EV: 26    Int:  4    God:    Trog [*****.]
Gold:   1613       SH:  0    Dex: 18    Spells: 0 memorised, 17 levels left

rFire  + . .     SeeInvis +     s - +10 eveningstar of Ru's Hope {flame, SInv}
rCold  . . .     Gourm    .     u - +2 plate armour {rPois}
rNeg   . . .     Faith    .     (no shield)
rPois  +         Spirit   .     (helmet restricted)
rElec  .         Dismiss  .     k - +2 cloak
rCorr  .         Reflect  .     B - +3 pair of gauntlets of War {Slay+5}
SustAt .         Harm     +     i - +2 pair of boots "Kaamut" {Str+4}
MR     +++..                    Y - amulet of harm
Stlth  ..........               S - ring of protection from fire
                                x - +6 ring of evasion

@: exhausted, regenerating, slowed, very slow, extremely resistant to hostile
enchantments, extremely unstealthy
A: retaliatory headbutt, horns 2
a: Berserk, Trog's Hand, Brothers in Arms, Burn Spellbooks, Renounce Religion
}: 1/15 runes: barnacled


You were on level 1 of the Snake Pit.
You worshipped Trog.
Trog was extremely pleased with you.
You were not hungry.

You visited 5 branches of the dungeon, and saw 30 of its levels.

You collected 2851 gold pieces.
You spent 1238 gold pieces at shops.

Inventory:

Hand Weapons
 s - the +10 eveningstar of Ru's Hope (weapon) {flame, SInv}
   (You acquired it on level 2 of the Orcish Mines)

   It has been specially enchanted to burn those struck by it, causing extra
   injury to most foes and up to half again as much damage against particularly
   susceptible opponents.
   It lets you see invisible.
Armour
 i - the +2 pair of boots "Kaamut" (worn) {Str+4}
   (You found it on level 3 of the Shoals)

   It affects your strength (+4).
 k - a +2 cloak (worn)
 u - a +2 plate armour of poison resistance (worn)
 B - the +3 pair of gauntlets of War (worn) {Slay+5}
   (You acquired it on level 15 of the Dungeon)

   It affects your accuracy and damage with ranged weapons and melee attacks
   (+5).
 I - a +0 buckler
 N - a +2 pair of boots
Jewellery
 a - a +3 ring of strength
 o - an uncursed ring of stealth
 x - a +6 ring of evasion (left hand)
 S - a ring of protection from fire (right hand)
 Y - an amulet of harm (around neck)
Wands
 n - a wand of lightning (4/15)
 y - a wand of confusion (18/48)
 O - a wand of confusion (18/48)
 Q - a wand of disintegration (11/24)
 X - a wand of confusion (34/48)
Scrolls
 c - 3 scrolls of fear
 e - a scroll of magic mapping
 l - a scroll of remove curse
 m - a scroll of holy word {unknown}
 q - 8 scrolls of teleportation
 r - a scroll of enchant armour
 C - 7 scrolls of identify
 K - a scroll of summoning
 V - a scroll of vulnerability
 Z - 4 scrolls of enchant weapon
Potions
 b - a potion of berserk rage
 h - a potion of might
 j - 10 potions of flight
 p - 3 potions of ambrosia {unknown}
 t - 9 potions of agility
 v - 3 potions of cure mutation {unknown}
 w - 13 potions of curing
 z - a potion of invisibility {unknown}
 A - 8 potions of degeneration {unknown}
 G - 8 potions of heal wounds {unknown}
 H - 3 potions of mutation {unknown}
 M - 3 potions of cancellation {unknown}
 P - a potion of brilliance
 T - 3 potions of magic {unknown}
 W - 4 potions of lignification {unknown}
Miscellaneous
 d - a lamp of fire
 f - a sack of spiders {used: 1}
 D - a plain deck of defence {drawn: 4}
 R - a disc of storms
 U - a fan of gales
Comestibles
 g - 15 meat rations
 E - a beef jerky
 F - 2 bread rations
 J - 9 royal jellies
 L - 3 slices of pizza


   Skills:
 + Level 19.6 Fighting
 - Level 18.4 Maces & Flails
 + Level 19.2 Armour
 + Level 17.7 Dodging


You had 17 spell levels left.
You didn't know any spells.

Dungeon Overview and Level Annotations

Branches:
Dungeon (15/15)            Temple (0/1) D:6            Lair (8/8) D:11
 Shoals (4/4) Lair:3        Snake (1/4) Lair:3        Slime (0/6) Lair:8
    Orc (2/2) D:12            Elf (0/3) Orc:2        Vaults (0/5) D:14
 Depths (0/5) D:15

Altars:
Ashenzari
Cheibriados
Dithmenos
Fedhas
Gozag
Makhleb
Nemelex Xobeh
Okawaru
Qazlal
Sif Muna
Trog
Vehumet
Zin
The Shining One
Beogh
Jiyva

Shops:
D:10 (   D:12 [   D:14 *   Orc:2 (?(?

Annotations:
D:4 exclusion: statue


Innate Abilities, Weirdness & Mutations

You reflexively headbutt those who attack you in melee.
You have a pair of horns on your head.


Message History

You kill the naga sharpshooter!
Trog accepts your kill.
Trog appreciates your killing of a magic user.
The naga completely misses you.
A guardian serpent comes into view.
You spit the naga like a pig!!! You burn the naga.
You kill the naga!
Trog accepts your kill.
The naga sharpshooter mumbles some strange words.
The naga sharpshooter magically shoots a bolt.
The bolt hits you but does no damage.
You are no longer berserk.
You are exhausted.
You feel yourself slow down.
You see here an arrow.
Your skin crawls.
You feel resistant to hostile enchantments.
You feel slightly more hungry. The naga hits you but does no damage.
The naga sharpshooter shoots a bolt.
The bolt hits you.
You die...

(###+##
NSN.##'(''##
.'().# N #.((.#
.'.()######
#....#
.'..).....##
#.S.(#
.#########.####
#NN..# .# #.##.#
#N..N# .# #.##.#
#.)NN# .#
#.##.#######(###
##
#(...((@(NS((# #
#....().)N...#
#........((..#
##############


You could see a naga sharpshooter, a guardian serpent and a naga.

Vanquished Creatures
  Jorgrun (Shoals:2)
  Frances (D:13)
  Polyphemus (Shoals:3)
  Ilsuiw (Shoals:4)
  Kirke (Shoals:3)
  A fire giant (D:15)
  3 orc warlords (Orc:2)
  A frost giant (Shoals:4)
  Aizul (Snake:1)
  The ghost of magog001 the Spear-Bearer, a journeyman MiFi of Gozag (Lair:4)
  5 vault guards (D:14)
  3 merfolk javelineers (Shoals:4)
  10 merfolk impalers
  Harold (Lair:1)
  An ogre mage (D:14)
  9 hydras
  3 merfolk avatars
  4 anacondas (Snake:1)
  4 catoblepae
  2 alligator snapping turtles
  Erolcha (D:8)
  4 centaur warriors
  4 naga warriors (Snake:1)
  2 death knights
  4 merfolk aquamancers
  3 satyrs
  20 death yaks
  A shock serpent (Snake:1)
  A deep elf knight (D:14)
  Sonja (D:10)
  3 orc high priests (Orc:2)
  7 naga sharpshooters (Snake:1)
  Nergalle (Lair:1)
  18 sea snakes
  3 unseen horrors
  7 hill giants
  3 wizards
  A kraken simulacrum (Shoals:4)
  A deep elf mage (D:15)
  2 phantasmal warriors (D:14)
  Pikel (D:8)
  5 harpies (Shoals:3)
  5 orc knights
  3 wolf spider zombies
  16 fauns
  A naga ritualist (Snake:1)
  14 manticores
  8 orc sorcerers (Orc:2)
  A salamander (Snake:1)
  A wolf spider (D:13)
  3 ugly things (D:13)
  12 griffons
  A mana viper (shapeshifter) (D:13)
  Maurice (D:8)
  7 cyclopes
  A naga mage (Snake:1)
  23 elephants
  A guardian serpent (Snake:1)
  A torpor snail (Lair:5)
  13 black mambas
  11 sirens
  13 spiny frogs
  Joseph (D:10)
  7 water nymphs
  Psyche (D:11)
  3 gargoyles
  3 rime drakes
  12 komodo dragons
  3 freezing wraiths
  2 kobold demonologists (D:15)
  A tengu conjurer (D:13)
  39 merfolk
  12 trolls
  A polar bear (Lair:4)
  3 wind drakes
  Prince Ribbit (D:8)
  11 snapping turtles
  3 two-headed ogres
  A harpy skeleton (D:14)
  9 blink frogs
  6 slime creatures
  2 vampires
  2 shadows
  2 wyverns
  74 yaks
  2 wraiths
  14 water elementals
  2 basilisks
  15 hippogriffs
  A mottled dragon (D:15)
  2 vampire mosquitoes (D:15)
  5 wargs
  13 water moccasins
  7 nagas (Snake:1)
  3 soldier ants (D:13)
  20 porcupines
  4 black bears
  11 ice beasts
  44 orc warriors
  4 sky beasts
  12 ogres
  2 slaves (D:8)
  A necrophage (D:5)
  3 wasps
  5 phantoms
  13 centaurs
  9 crocodiles
  14 wolves
  4 big kobolds
  3 wyvern zombies
  23 giant frogs
  6 scorpions
  7 wights
  4 killer bees (D:11)
  3 electric eels
  3 giant frog zombies
  A quasit (D:9)
  5 crimson imps
  8 jellies
  A lava snake (Lair:4)
  3 giant frog skeletons
  3 centaur zombies
  31 orc priests
  A centaur skeleton (D:5)
  5 hounds
  30 orc wizards
  Terence (D:2)
  7 iguanas
  12 worker ants
  22 sheep
  A hound zombie (D:7)
  A worker ant zombie (D:5)
  8 gnolls (D:7)
  56 river rats
  10 adders
  5 shadow imps
  11 oozes
  An adder skeleton (D:4)
  5 worms
  2 dart slugs
  8 giant geckos
  132 orcs
  5 giant cockroaches
  6 goblins
  8 hobgoblins
  20 jackals
  2 quokkas (D:4)
  6 bats
  A giant gecko skeleton (D:7)
  9 giant newts
  A jackal skeleton (D:4)
  16 kobolds
  A quokka skeleton (D:7)
  5 rats
1191 creatures vanquished.

Vanquished Creatures (collateral kills)
  A merfolk javelineer (Shoals:4)
  A merfolk avatar (Shoals:3)
  A death yak (Shoals:3)
  A sea snake (Shoals:4)
  3 harpies (Shoals:3)
  2 orc sorcerers (Orc:2)
  2 sirens (Shoals:4)
  3 merfolk (Shoals:4)
  2 orc warriors (Orc:2)
  2 orc priests (Orc:2)
18 creatures vanquished.

Vanquished Creatures (others)
  An orc high priest (Orc:2)
  A human (Shoals:3)
  2 slaves (D:8)
  An orc wizard (Orc:2)
  An ooze (Lair:6)
  9 fungi
  5 plants
  4 tentacles (Shoals:4)
  11 tentacle segments (Shoals:4)
35 creatures vanquished.

Grand Total: 1244 creatures vanquished

Notes
Turn   | Place    | Note
--------------------------------------------------------------
     0 | D:1      | tuurum the Minotaur Berserker began the quest for the Orb.
     0 | D:1      | Reached XP level 1. HP: 19/19 MP: 0/0
   277 | D:1      | Reached XP level 2. HP: 22/27 MP: 1/1
   609 | D:1      | Reached ** piety under Trog
  1008 | D:2      | Reached XP level 3. HP: 33/33 MP: 2/2
  1058 | D:2      | Reached skill level 5 in Maces & Flails
  1216 | D:2      | Reached XP level 4. HP: 40/40 MP: 3/3
  1258 | D:2      | Noticed Terence
  1288 | D:2      | Killed Terence
  1629 | D:2      | Found a stormy altar of Qazlal.
  1779 | D:3      | HP: 2/40 [poisoned by a kobold]
  2127 | D:3      | Reached XP level 5. HP: 29/46 MP: 4/4
  2218 | D:3      | Found a deep blue altar of Sif Muna.
  2412 | D:3      | Found a shattered altar of Ashenzari.
  2901 | D:4      | Reached XP level 6. HP: 52/52 MP: 5/5
  2903 | D:4      | Found a radiant altar of Vehumet.
  2943 | D:4      | Reached *** piety under Trog
  3246 | D:4      | You fall through a shaft for 2 floors!
  3345 | D:5      | Entered Level 5 of the Dungeon
  3357 | D:5      | Reached XP level 7. HP: 52/59 MP: 6/6
  3374 | D:5      | Found a sparkling altar of Nemelex Xobeh.
  3564 | D:5      | Reached skill level 10 in Maces & Flails
  4198 | D:4      | Reached XP level 8. HP: 66/66 MP: 7/7
  4632 | D:5      | Reached **** piety under Trog
  4826 | D:5      | Found a burning altar of Makhleb.
  5033 | D:6      | Found a bloodstained altar of Trog.
  5212 | D:6      | Found a shadowy altar of Dithmenos.
  5385 | D:6      | Found a staircase to the Ecumenical Temple.
  5524 | D:6      | Found a glowing golden altar of the Shining One.
  5525 | D:6      | Found a glowing silver altar of Zin.
  5787 | D:7      | Reached XP level 9. HP: 71/71 MP: 8/8
  5985 | D:7      | Found an iron altar of Okawaru.
  6076 | D:7      | Found an opulent altar of Gozag.
  6238 | D:8      | Noticed Erolcha
  6247 | D:8      | Killed Erolcha
  6247 | D:8      | Reached skill level 15 in Maces & Flails
  6271 | D:8      | Noticed Maurice
  6271 | D:8      | Found a blossoming altar of Fedhas.
  6283 | D:8      | Killed Maurice
  6491 | D:8      | Noticed Prince Ribbit
  6499 | D:8      | Killed Prince Ribbit
  6571 | D:8      | Noticed Pikel
  6598 | D:8      | Killed Pikel
  6598 | D:8      | Reached XP level 10. HP: 39/78 MP: 9/9
  7585 | D:8      | Got a steaming dagger
  7832 | D:9      | Found a snail-covered altar of Cheibriados.
  8377 | D:9      | Identified the +5 dagger of Azyehaho {flame, rC+} (You found it on level 8 of the Dungeon)
  8714 | D:10     | Entered Level 10 of the Dungeon
  8743 | D:10     | Killed an unseen horror
  8748 | D:10     | Noticed Joseph
  8765 | D:10     | Killed Joseph
  9142 | D:10     | You fall through a shaft!
  9667 | D:10     | Noticed Sonja
  9707 | D:10     | Found Umpicuj's Antique Weapon Shop.
 10213 | D:11     | Reached XP level 11. HP: 78/85 MP: 10/10
 10375 | D:11     | Noticed a hill giant
 10387 | D:11     | Killed a hill giant
 10387 | D:11     | Reached skill level 5 in Fighting
 10563 | D:11     | Noticed Psyche
 10568 | D:11     | Killed Psyche
 11068 | D:11     | Found a staircase to the Lair.
 11331 | D:11     | Reached skill level 5 in Armour
 11668 | D:10     | Reached skill level 5 in Dodging
 11702 | D:10     | Killed Sonja
 11724 | Lair:1   | Entered Level 1 of the Lair of Beasts
 11906 | Lair:1   | Reached ***** piety under Trog
 12331 | Lair:1   | Noticed Harold
 12356 | Lair:1   | Killed Harold
 12735 | Lair:1   | Noticed Nergalle
 12775 | Lair:1   | Killed Nergalle
 12775 | Lair:1   | Reached XP level 12. HP: 103/103 MP: 11/11
 13668 | Lair:2   | Received a gift from Trog
 13825 | Lair:2   | Noticed a five-headed hydra
 13832 | Lair:2   | Killed a five-headed hydra
 14399 | Lair:3   | Noticed an eight-headed hydra
 14407 | Lair:3   | Killed an eight-headed hydra
 14418 | Lair:3   | Reached skill level 10 in Fighting
 14515 | Lair:3   | Noticed a four-headed hydra
 14524 | Lair:3   | Killed a four-headed hydra
 14733 | Lair:3   | Found a staircase to the Snake Pit.
 14860 | Lair:3   | Reached skill level 10 in Armour
 14973 | Lair:3   | Found a staircase to the Shoals.
 15414 | Lair:4   | Reached XP level 13. HP: 116/116 MP: 12/12
 15503 | Lair:4   | Received a gift from Trog
 15667 | Lair:4   | Reached skill level 10 in Dodging
 15682 | Lair:4   | Noticed magog001's ghost (journeyman MiFi)
 15714 | Lair:4   | Killed magog001's ghost
 15965 | Lair:4   | Found a frozen archway.
 16355 | Lair:5   | Got a polished war axe
 16370 | Lair:5   | Identified the +7 war axe "Qoimuir" {venom, MR+} (You found it on level 5 of the Lair of Beasts)
 17308 | Lair:6   | Received a gift from Trog
 18024 | Lair:7   | Reached XP level 14. HP: 115/129 MP: 13/13
 18621 | Lair:7   | Identified a scroll of acquirement
 18648 | Lair:7   | Received a gift from Trog
 18899 | Lair:8   | Entered Level 8 of the Lair of Beasts
 19020 | Lair:8   | Found a staircase to the Slime Pits.
 19021 | Lair:8   | Found a viscous altar of Jiyva.
 19844 | Lair:8   | Received a gift from Trog
 20424 | Lair:8   | Reached ****** piety under Trog
 20906 | D:12     | Found a staircase to the Orcish Mines.
 20911 | Orc:1    | Entered Level 1 of the Orcish Mines
 21111 | Orc:1    | Reached skill level 15 in Fighting
 21461 | Orc:2    | Entered Level 2 of the Orcish Mines
 21475 | Orc:2    | Reached XP level 15. HP: 141/141 MP: 14/14
 21619 | Orc:2    | Noticed an orc warlord
 21639 | Orc:2    | Killed an orc warlord
 21885 | Orc:2    | Found a roughly hewn altar of Beogh.
 22011 | Orc:2    | Noticed an orc warlord
 22011 | Orc:2    | Found Nejonn's Weapon Emporium.
 22011 | Orc:2    | Paralysed by an orc sorcerer for 4 turns
 22024 | Orc:2    | Killed an orc warlord
 22024 | Orc:2    | Received a gift from Trog
 22071 | Orc:2    | Found Tuiladil's Magic Scroll Shoppe.
 22764 | Orc:2    | Noticed an orc warlord
 22784 | Orc:2    | Killed an orc warlord
 22824 | Orc:2    | Received a gift from Trog
 23246 | Orc:2    | Found Natav's Antique Weapon Emporium.
 23251 | Orc:2    | Found a roughly hewn altar of Beogh.
 23266 | Orc:2    | Bought a runed lajatang for 405 gold pieces
 23295 | Orc:2    | Found Bofuituu's Magic Scroll Shoppe.
 23308 | Orc:2    | Reached skill level 15 in Armour
 23322 | Orc:2    | Bought a scroll of acquirement for 728 gold pieces
 23322 | Orc:2    | Bought a scroll of enchant weapon for 105 gold pieces
 23324 | Orc:2    | Got a fine eveningstar
 23325 | Orc:2    | Identified the +10 eveningstar of Ru's Hope {flame, SInv} (You acquired it on level 2 of the Orcish Mines)
 23888 | Orc:2    | Got a smoking halberd
 23952 | Orc:2    | Found a staircase to the Elven Halls.
 24513 | D:12     | Found Raez's Armour Shop.
 25309 | D:13     | Noticed Frances
 25318 | D:13     | Killed Frances
 25324 | D:13     | Received a gift from Trog
 26099 | D:14     | Found a gate to the Vaults.
 26105 | D:14     | Reached XP level 16. HP: 152/152 MP: 15/15
 26229 | D:14     | Found Penweaq's General Store.
 26345 | D:14     | Reached skill level 15 in Dodging
 27096 | D:14     | Received a gift from Trog
 27110 | D:15     | Entered Level 15 of the Dungeon
 27293 | D:15     | Received a gift from Trog
 27346 | D:15     | Found an iron altar of Okawaru.
 27425 | D:15     | Found a staircase to the Depths.
 28020 | Shoals:1 | Entered Level 1 of the Shoals
 28617 | Shoals:2 | Received a gift from Trog
 28799 | Shoals:2 | Noticed Jorgrun
 29234 | Shoals:2 | Killed Jorgrun
 29849 | Shoals:3 | Got a pair of warped boots
 29851 | Shoals:3 | Identified the +2 pair of boots "Kaamut" {Str+4} (You found it on level 3 of the Shoals)
 29945 | Shoals:3 | Noticed Polyphemus
 29948 | Shoals:3 | Reached XP level 17. HP: 163/163 MP: 16/16
 29974 | Shoals:3 | Killed Polyphemus
 29986 | Shoals:3 | Received a gift from Trog
 30172 | Shoals:3 | Noticed Kirke
 30180 | Shoals:3 | Killed Kirke
 30635 | Shoals:4 | Entered Level 4 of the Shoals
 31582 | Shoals:4 | Noticed Ilsuiw
 31597 | Shoals:4 | Killed Ilsuiw
 32138 | Shoals:4 | Received a gift from Trog
 32711 | Shoals:4 | Got a barnacled rune of Zot
 32858 | Snake:1  | Entered Level 1 of the Snake Pit
 33015 | Snake:1  | Reached XP level 18. HP: 176/176 MP: 17/17
 33044 | Snake:1  | Noticed Aizul
 33054 | Snake:1  | Killed Aizul
 33599 | Snake:1  | HP: 8/265 [naga sharpshooter/bolt (31)]
 33599 | Snake:1  | HP: 3/265 [naga sharpshooter/bolt (5)]
 33605 | Snake:1  | Shot with a bolt by a naga sharpshooter

Skill      XL: |  1  2  3  4  5  6  7  8  9 10 11 12 13 14 15 16 17 18 |
---------------+-------------------------------------------------------+-----
Maces & Flails | 4 5 6 7 9 11 13 16 18 | 18.4
Fighting       | 4 8 11 13 15 16 18 19 | 19.6
Dodging        | 7 9 11 13 14 16 17 | 17.7
Armour         | 7 10 12 14 15 17 18 19 | 19.2

Action                   |  1- 3 |  4- 6 |  7- 9 | 10-12 | 13-15 | 16-18 || total
-------------------------+-------+-------+-------+-------+-------+-------++-------
Melee: Mace              |    27 |       |       |       |       |       ||    27
       Headbutt          |    11 |    23 |    69 |   189 |   346 |   197 ||   835
       Spear             |    50 |   150 |    72 |       |       |       ||   272
       Flail             |       |       |   259 |   135 |       |       ||   394
       Dire flail        |       |       |       |   619 |  1009 |       ||  1628
       Eveningstar       |       |       |       |       |   308 |   888 ||  1196
       Lajatang          |       |       |       |       |    14 |       ||    14
Invok: Trog's Hand       |       |     4 |     6 |    18 |    36 |    30 ||    94
       Berserk           |       |       |     3 |     6 |     6 |     5 ||    20
       Burn Spellbooks   |       |       |       |     5 |     3 |     3 ||    11
       Brothers in Arms  |       |       |       |       |     1 |     6 ||     7
Evoke: Deck              |       |       |       |     2 |     2 |       ||     4
       Disc of storms    |       |       |       |       |     2 |       ||     2
       Fan of gales      |       |       |       |       |     1 |       ||     1
       Sack of spiders   |       |       |       |       |       |     1 ||     1
  Use: Scroll            |       |    11 |     4 |    11 |    13 |     8 ||    47
       Potion            |       |     1 |       |       |       |       ||     1
 Stab: Sleeping          |     1 |     1 |       |       |       |       ||     2
  Eat: Chunk             |       |    15 |    15 |    35 |    37 |     9 ||   111
       Bread ration      |       |       |       |     1 |       |       ||     1
       Meat ration       |       |       |       |       |     1 |     6 ||     7
Armor: Animal skin       |     9 |       |       |       |       |       ||     9
       Leather armour    |    12 |    32 |    15 |       |       |       ||    59
       Chain mail        |       |       |    81 |    43 |       |       ||   124
       Plate armour      |       |       |       |   252 |   390 |   393 ||  1035
Dodge: Dodged            |    45 |    76 |   240 |   527 |   952 |  1006 ||  2846
